 Dungeon Crawl Stone Soup version 0.31-a0-187-gba352fbbf7 (webtiles) character file.

Game seed: 18093332748150581341

17 qw the Shooter (level 2, -1/16 HPs)
             Began as a Deep Elf Hunter on June 22, 2023.
             Was an Initiate of Okawaru.
             Slain by Terence
             ... wielding a +0 short sword
              (4 damage)
             ... on level 2 of the Dungeon.
             The game lasted 00:00:11 (411 turns).

qw the Shooter (Deep Elf Hunter)                     Turns: 411, Time: 00:00:12

Health: -1/16      AC:  5    Str:  8    XL:     2   Next: 44%
Magic:  4/4        EV: 10    Int: 13    God:    Okawaru [......]
Gold:   23         SH:  0    Dex: 18    Spells: 1/1 levels left

rFire   . . .        Y - +0 shortbow
rCold   . . .        (shield currently unavailable)
rNeg    . . .        k - +0 ring mail
rPois   .            (no helmet)
rElec   .            (no cloak)
rCorr   .            (no gloves)
SInv    .            (no boots)
Will    .....        (no amulet)
Stlth   +            (no ring)
HPRegen 0.22/turn    (no ring)
MPRegen 0.09/turn

%: no passive effects
@: no status effects
A: no striking features
a: Renounce Religion


You were on level 2 of the Dungeon.
You worshipped Okawaru.
Okawaru was noncommittal.
You visited 1 branch of the dungeon, and saw 2 of its levels.

You collected 23 gold pieces.


   Skills:
 - Level 1.5 Fighting
 + Level 6.2 Ranged Weapons
 - Level 2.4 Dodging
 - Level 1.2 Stealth


You had one spell level left.
You didn't know any spells.
Your spell library was empty.

Inventory:

Hand Weapons
 Y - a +0 shortbow (weapon)
Armour
 k - a +0 ring mail (worn)
Potions
 a - a potion of heal wounds {unknown}
 d - a potion of curing {unknown}
 g - a potion of lignification {unknown}

Dungeon Overview and Level Annotations

Branches:
Dungeon (1/15)

Altars:
Okawaru

Annotations:
D:2 Terence


Message History

You shoot an arrow.
The arrow hits Terence but does no damage.
Terence barely misses you.
You shoot an arrow.
The arrow hits Terence but does no damage.
Terence hits you with a +0 short sword.
You shoot an arrow. The arrow hits Terence!
Terence is moderately wounded.
Terence closely misses you.
A hobgoblin comes into view.
Terence hits you with a +0 short sword.
You shoot an arrow. The arrow closely misses Terence.
The arrow completely misses the quokka.
The arrow hits the hobgoblin!
You kill the hobgoblin!
Okawaru accepts your kill. Terence hits you but does no damage.
You shoot an arrow. The arrow hits Terence.
Terence is heavily wounded.
Terence hits you with a +0 short sword.
You shoot an arrow.
The arrow hits Terence but does no damage.
Terence is heavily wounded.
Terence hits you with a +0 short sword.
You shoot an arrow. The arrow hits Terence.
Terence is severely wounded.
Terence misses you. Terence barely misses you.
You shoot an arrow. The arrow hits Terence.
Terence is severely wounded.
Terence hits you with a +0 short sword.
You shoot an arrow. The arrow hits Terence.
Terence is almost dead.
Terence hits you with a +0 short sword.
You shoot an arrow.
The arrow hits Terence but does no damage.
Terence is almost dead.
Terence hits you but does no damage. x2
You shoot an arrow. The arrow closely misses Terence.
The arrow barely misses the quokka.
Terence hits you with a +0 short sword.
You die...

####### # #.....# ..
########.....##...
###........._.......
##...#..........##...
##..###..........# #..##
#...[......#
#.#####.........=#######
#>...........?..@@r...%.
####.............#####.#
#....########## #....#
#....# #....# ######


You could see Terence and a quokka.

Vanquished Creatures
  4 endoplasms (D:1)
  A goblin (D:1)
  A hobgoblin (D:2)
  2 kobolds (D:1)
  2 quokkas
  A ball python (D:1)
  2 bats (D:1)
  3 frilled lizards (D:1)
16 creatures vanquished.

Notes
Turn   | Place    | Note
-------+----------+-------------------------------------------
     0 | D:1      | qw the Deep Elf Hunter began the quest for the Orb.
     0 | D:1      | Reached XP level 1. HP: 12/12 MP: 3/3
     0 | D:1      | 0 ||| qw: Version: 0.3-a-9-g12657ce
     0 | D:1      | 0 ||| qw: Game counter: 2131
     0 | D:1      | 0 ||| qw: Always use a shield: true
     0 | D:1      | 0 ||| qw: God list: Okawaru
     0 | D:1      | 0 ||| qw: Allow faded altars: false
     0 | D:1      | 0 ||| qw: Do Orc after D:15 true
     0 | D:1      | 0 ||| qw: Do second Lair branch before Depths: true
     0 | D:1      | 0 ||| qw: Lair rune preference: random
     0 | D:1      | 0 ||| qw: Plans: Normal
     0 | D:1      | 0 ||| PLANNING D:1-11
   115 | D:1      | Reached XP level 2. HP: 16/16 MP: 4/4
   142 | D:1      | Reached skill level 6 in Ranged Weapons
   321 | D:1      | Found a faded altar of an unknown god.
   332 | D:1      | You fall into a shaft and drop 1 floor!
   332 | D:2      | Found an iron altar of Okawaru.
   333 | D:2      | 333 ||| PLANNING OKAWARU WORSHIP
   333 | D:2      | 333 ||| UPGRADING to +0 ring mail.
   343 | D:2      | 343 ||| DROPPING +0 leather armour.
   344 | D:2      | 344 ||| DROPPING ring of wizardry.
   345 | D:2      | 345 ||| READING 2 scrolls labelled IQEYTE IXKUDD.
   346 | D:2      | 346 ||| READING scroll labelled NALETT OHEA.
   347 | D:2      | 347 ||| READING scroll labelled QOTAOK HEITT.
   352 | D:2      | 352 ||| READING scroll labelled WAKOYQ ABIB.
   353 | D:2      | 353 ||| DROPPING scroll of vulnerability.
   354 | D:2      | 354 ||| DROPPING scroll of butterflies.
   360 | D:2      | Became a worshipper of Warmaster Okawaru
   361 | D:2      | 361 ||| PLANNING D:1-11
   400 | D:2      | Noticed Terence
   409 | D:2      | HP: 2/16 [Terence/+0 short sword (3)]
   411 | D:2      | Slain by Terence

Levels and vault maps discovered:
D:1:      lightli_arrival_statue_moat, layout_loops_ring,
          dreamdust_ecumenical_altar_angels_and_demons
D:2:      cheibrodos_pilgrimage, layout_basic, basic_altar, serial_shops,
          nicolae_shop_trees, uniq_terence

Skill      XL: |  1  2 |
---------------+-------+-----
Ranged Weapons | 6 |  6.2
Fighting       | |  1.5
Dodging        | |  2.4
Stealth        | |  1.2

Action                     || total
---------------------------++-------
   Fire: Shortbow          ||    34
    Use: Scroll            ||     4
 Armour: Ring mail         ||     3
  Dodge: Dodged            ||     4

Table legend:
 A = Non-vault XP
 B = Vault XP
 C = Vault XP percentage of total XP
 D = Non-vault monster count
 E = Vault monster count
 F = Vault count percentage of total count
                 A         B        C        D         E       F
            +---------+---------+-------+---------+---------+-------
      Total |      25 |       0 |   0.0 |      16 |       0 |   0.0
            +---------+---------+-------+---------+---------+-------
        D:1 |      21 |       0 |   0.0 |      14 |       0 |   0.0
        D:2 |       4 |       0 |   0.0 |       2 |       0 |   0.0
            +---------+---------+-------+---------+---------+-------
